AoeStats
← ZZZ1

Arena

510428369Analyzed
4v4 RM · 24h ago on Oct 1, 2026· 43m 8s· 8 players
Game mode
Random Map
Map size
Large (8 player)
Population
200
Speed
Normal
Resources
Standard
Victory
Conquest
Starting age
Dark Age
Ending age
Imperial Age
RankedLock teamsTeams togetherTeam positionsShared explorationLock speedFull tech treeHidden civsTurbo modeCheats
Victory
Defeat
🇨🇳 Burgundians · China
1210
+14
🇷🇺 Chinese · Russia
1196
+15
🇨🇳 Turks · China
1158
+16
🇹🇼 Franks · Taiwan
1116
+18
🇺🇸 Italians · United States
1183
-17
🇨🇱 Wu · Chile
1176
-16
🇲🇽 Britons · Mexico
1165
-16
🇺🇸 Danes · United States
1128
-14
easymoney
11:05 Feudal Age
15:15 Castle Age
13:49 Double-Bit Axe
26:13 Bow Saw
26:49 Horse Collar
27:39 Heavy Plow
31:07 Stone Mining
31:07 Gold Mining
35:19 Imperial Age
32:34 Loom
35:03 Gold Shaft Mining
35:08 Wheelbarrow
38:09 Hand Cart
37:17 Elite Janissary
38:19 Conscription
38:48 Artillery
39:24 Hoardings
39:54 Two-Man Saw
Self_vs_Self
10:00 Feudal Age
15:54 Castle Age
15:16 Double-Bit Axe
16:12 Padded Archer Armor
19:02 Loom
19:54 Wheelbarrow
20:20 Gold Mining
25:00 Leather Archer Armor
24:35 Fletching
24:35 Horse Collar
26:29 Gold Shaft Mining
31:07 Imperial Age
28:47 Stone Mining
30:10 Gold Shaft Mining
29:38 Heavy Plow
30:14 Bow Saw
30:51 Hand Cart
31:33 Bodkin Arrow
33:24 Conscription
34:53 Chemistry
34:14 Ballistics
34:08 Town Watch
35:28 Bodkin Arrow
36:33 Ring Archer Armor
36:47 Bracer
36:58 Elite Chu Ko Nu
39:02 Masonry
38:54 Town Patrol
ZZZ1
9:42 Feudal Age
13:37 Castle Age
11:27 Double-Bit Axe
20:25 Bow Saw
21:38 Wheelbarrow
27:44 Imperial Age
25:35 Scale Barding Armor
25:40 Forging
26:06 Forging
25:47 Loom
26:21 Hand Cart
27:01 Chain Barding Armor
26:49 Husbandry
28:19 Iron Casting
27:33 Town Watch
27:49 Cavalier
29:06 Plate Barding Armor
28:55 Gold Mining
29:58 Iron Casting
29:11 Paladin
32:14 Blast Furnace
33:16 Chemistry
32:37 Ballistics
33:36 Herbal Medicine
33:13 Pikeman
33:53 Squires
35:22 Chivalry
35:42 Halberdier
36:47 Elite Skirmisher
38:43 Fletching
38:53 Scale Mail Armor
40:31 Chain Mail Armor
40:11 Bodkin Arrow
老k
4:49 Double-Bit Axe
10:51 Feudal Age
14:46 Castle Age
13:21 Bow Saw
13:11 Horse Collar
14:39 Heavy Plow
15:20 Wheelbarrow
20:14 Gold Mining
20:14 Stone Mining
22:31 Two-Man Saw
22:14 Loom
22:21 Stone Mining
24:07 Fletching
25:01 Bodkin Arrow
28:17 Scale Barding Armor
28:23 Forging
31:52 Imperial Age
30:04 Crop Rotation
29:41 Husbandry
29:02 Cavalier
30:23 Chain Barding Armor
30:54 Iron Casting
30:50 Hand Cart
30:56 Ballistics
30:17 Treadmill Crane
30:47 Masonry
30:49 Fortified Wall
31:34 Gold Shaft Mining
31:36 Stone Shaft Mining
31:54 Burgundian Vineyards
32:00 Paladin
33:48 Plate Barding Armor
34:36 Conscription
36:16 Blast Furnace
36:08 Town Watch
37:12 Hoardings
36:09 Sappers
36:41 Bracer
38:59 Guilds
39:20 Coinage
39:54 Chemistry
39:24 Architecture
38:50 Murder Holes
41:21 Padded Archer Armor
41:22 Scale Mail Armor
Hari_Seldon
10:52 Feudal Age
14:28 Castle Age
12:29 Double-Bit Axe
13:48 Fletching
14:40 Padded Archer Armor
20:40 Crossbowman
23:02 Wheelbarrow
23:25 Bodkin Arrow
23:26 Town Watch
25:52 Leather Archer Armor
24:59 Pikeman
27:45 Bow Saw
27:56 Horse Collar
29:38 Gold Mining
31:45 Scale Mail Armor
36:12 Imperial Age
33:55 Forging
34:53 Chain Mail Armor
36:50 Iron Casting
37:27 Plate Mail Armor
38:09 Hand Cart
38:11 Halberdier
redheadedkiller
0:59 Loom
2:03 Loom
2:31 Loom
3:21 Loom
4:00 Loom
12:39 Feudal Age
17:43 Castle Age
16:36 Double-Bit Axe
16:35 Horse Collar
18:12 Forging
18:02 Scale Mail Armor
22:55 Chain Mail Armor
25:35 Iron Casting
29:49 Imperial Age
29:40 Bow Saw
29:12 Hamask
30:51 Wheelbarrow
31:25 Conscription
31:34 Heavy Plow
33:11 Blast Furnace
32:01 Fletching
32:41 Plate Mail Armor
32:59 Hand Cart
33:16 Plate Mail Armor
33:59 Elite Jomsviking
34:16 Onager
36:38 Pikeman
37:19 Squires
37:07 Arson
36:58 Elite Varangian Guard
37:16 Halberdier
38:33 Gambesons
38:08 Man-at-Arms
38:45 Bodkin Arrow
38:50 Padded Archer Armor
39:07 Siege Onager
40:55 Siege Engineers
41:12 Ballistics
41:52 Chemistry
MAMBA MULLET
8:35 Loom
10:20 Feudal Age
14:40 Castle Age
14:15 Double-Bit Axe
14:21 Fletching
14:17 Horse Collar
18:52 Bow Saw
20:40 Wheelbarrow
20:14 Gold Mining
25:48 Hand Cart
28:12 Imperial Age
25:51 Stone Mining
26:03 Heavy Plow
27:29 Hand Cart
30:12 Chemistry
29:35 Ballistics
30:42 Bodkin Arrow
32:06 Crop Rotation
32:15 Padded Archer Armor
33:22 Leather Archer Armor
34:19 Conscription
34:07 Elite Skirmisher
35:51 Thumb Ring
36:43 Ring Archer Armor
37:30 Two-Man Saw
Mr.Gumball
10:19 Feudal Age
15:28 Castle Age
15:14 Double-Bit Axe
15:12 Horse Collar
15:26 Stone Mining
16:56 Loom
18:21 Fletching
18:31 Padded Archer Armor
27:03 Red Cliffs Tactics
27:23 Bodkin Arrow
27:43 Leather Archer Armor
27:52 Ballistics
31:57 Murder Holes
36:40 Imperial Age
36:10 Wheelbarrow
37:54 Bracer
Connection lost

Rejoining the realm…

Still unreachable

The connection could not be restored.

Session expired

The server has moved on; the page needs a fresh start.